[Event "ITT 1st Parada Jamundi 2022"]
[Site "Jamundi Valle"]
[Date "2022.12.08"]
[Round "6.25"]
[White "Mata Zambrano, Luis Enrique"]
[Black "Caro Gallego, James Stiven"]
[Result "1-0"]
[ECO "C11"]
[WhiteElo "1544"]
[BlackElo "1884"]
[Annotator "NA RC COMBH"]
[PlyCount "75"]
[EventDate "2022.12.05"]
[EventType "swiss"]
[EventCountry "COL"]
[SourceTitle "playchess.com"]
[Source "ChessBase"]
[SourceQuality "1"]
[TimeControl "5400+30"]

1. e4 e6 2. d4 d5 3. Nd2 Nf6 4. e5 Nfd7 5. f4 c5 6. c3 Nc6 7. Ndf3 Qb6 8. Ne2 g6 9. a3 a5 10. Rb1 a4 11. Be3 c4 12. Kf2 Bg7 13. h3 O-O 14. g4 f6 15. Bg2 fxe5 16. dxe5 Qb3 17. Qxb3 axb3 18. Kg3 Bh6 19. g5 Bg7 20. h4 Ne7 21. Bh3 b6 22. Bxe6+ Kh8 23. Bxd7 Bxd7 24. Bxb6 Bf5 25. Ra1 Be4 26. Ned4 Rf7 27. h5 gxh5 28. Rxh5 Ng6 29. Ne6 Ra6 30. Nxg7 Kxg7 31. Bd4 Rxf4 32. Nd2 Bf5 33. Rah1 Rg4+ 34. Kf3 Nf4 35. Rxh7+ Bxh7 36. Kxg4 Nd3 37. e6+ Kg8 38. g6 1-0

[Event "ITT 1st Parada Jamundi 2022"]
[Site "Jamundi Valle"]
[Date "2022.12.09"]
[Round "6.26"]
[White "Ramirez, Andres Felipe"]
[Black "Palacios Gordillo, Camila Estefania"]
[Result "1-0"]
[ECO "C65"]
[WhiteElo "1571"]
[BlackElo "1625"]
[Annotator "NA RC COMBH"]
[PlyCount "55"]
[EventDate "2022.12.05"]
[EventType "swiss"]
[EventCountry "COL"]
[SourceTitle "playchess.com"]
[Source "ChessBase"]
[SourceQuality "1"]
[TimeControl "5400+30"]

1. e4 e5 2. Nf3 Nc6 3. Bb5 Nf6 4. Bxc6 dxc6 5. d3 Bd6 6. Nbd2 h6 7. Qe2 Be6 8. d4 Nd7 9. Nc4 Bxc4 10. Qxc4 Qe7 11. O-O O-O 12. Re1 exd4 13. Nxd4 Ne5 14. Qe2 Rad8 15. Nf5 Qe6 16. f4 Bc5+ 17. Kh1 Nd7 18. Bd2 Rfe8 19. Bc3 Bf8 20. Nd4 Qg6 21. e5 Bc5 22. f5 Qh7 23. e6 Nb6 24. exf7+ Kxf7 25. Qh5+ Kf8 26. Ne6+ Rxe6 27. fxe6 g5 28. Rf1+ 1-0

[Event "ITT 1st Parada Jamundi 2022"]
[Site "Jamundi Valle"]
[Date "2022.12.09"]
[Round "6.27"]
[White "Quiceno Ramirez, Edwin Alejandro"]
[Black "Rendon, Isabela"]
[Result "1-0"]
[ECO "E17"]
[WhiteElo "1787"]
[BlackElo "1139"]
[Annotator "NA RC COMBH"]
[PlyCount "59"]
[EventDate "2022.12.05"]
[EventType "swiss"]
[EventCountry "COL"]
[SourceTitle "playchess.com"]
[Source "ChessBase"]
[SourceQuality "1"]
[TimeControl "5400+30"]

1. d4 d5 2. c4 e6 3. Nf3 Nf6 4. g3 Be7 5. Bg2 O-O 6. O-O b6 7. cxd5 exd5 8. Qc2 Bb7 9. Ne5 c5 10. dxc5 bxc5 11. Rd1 Nbd7 12. Nc4 Qc7 13. Bf4 Qc8 14. Na5 Rd8 15. Nxb7 Qxb7 16. Nc3 Nb6 17. a4 a5 18. e4 d4 19. Nb5 Qd7 20. Bc7 Qe6 21. f4 Rd7 22. e5 Nfd5 23. f5 Qh6 24. Bxb6 Qxb6 25. Qb3 Rad8 26. e6 fxe6 27. fxe6 Qxe6 28. Re1 Qf7 29. Bh3 Rb7 30. Be6 1-0

[Event "ITT 1st Parada Jamundi 2022"]
[Site "Jamundi Valle"]
[Date "2022.12.09"]
[Round "7.1"]
[White "Cruz, Cristhian"]
[Black "Henriquez Villagra, Cristobal"]
[Result "1/2-1/2"]
[ECO "D30"]
[WhiteElo "2552"]
[BlackElo "2587"]
[Annotator "TA"]
[PlyCount "63"]
[EventDate "2022.12.05"]
[EventType "swiss"]
[EventCountry "COL"]
[SourceTitle "playchess.com"]
[Source "ChessBase"]
[SourceQuality "1"]
[TimeControl "5400+30"]

1. d4 d5 2. c4 e6 3. Nf3 c6 4. g3 dxc4 5. Bg2 b5 6. O-O Bb7 7. b3 {[%emt 0:06:30] D30: Queen's Gambit Declined: Systems without Nc3.} cxb3 $1 8. Qxb3 Nf6 9. a4 (9. Rd1 $11 {might be stronger.}) 9... a6 (9... b4 $1 $15) 10. Nbd2 Nbd7 {[%emt 0:13:33] [#]} 11. Ba3 $146 ({Predecessor:} 11. Rd1 Be7 {½-½ (11) Pecurica,M (2335)-Kalezic,B (2434) Podgorica 2022}) 11... Bxa3 12. Qxa3 Qe7 (12... a5 {is interesting.} 13. Qd6 b4 14. Nc4 Ne4) 13. Nb3 Qxa3 14. Rxa3 Rc8 15. Nfd2 Nd5 (15... b4 $5 16. Ra2 O-O $11) 16. Ne4 Ke7 17. Nbc5 Rc7 18. Nxd7 Rxd7 (18... b4 19. Rb3 Rxd7 20. a5 $16 (20. Nc5 a5 $11)) 19. Nc5 {[%emt 0:00:00] Inhibits b4.} b4 20. Rb3 a5 $1 21. Bxd5 cxd5 22. Nxd7 Kxd7 $11 {[%emt 0:00:03][%mdl 4096] Endgame KRR-KRB} 23. Rc1 Rc8 24. Rxc8 Kxc8 {[%emt 0:00:00] KR-KB} 25. Kf1 Bc6 26. Rb1 ({Much worse is} 26. Rf3 Bxa4 27. Ke1 (27. Rxf7 $2 b3 $19) 27... Be8 $17) 26... Bxa4 27. Ra1 b3 $1 28. Rb1 {[%emt 0:00:00][%mdl 64] [#]} (28. Rxa4 $2 {perishes.} b2 29. Rxa5 b1=Q+ $19) 28... e5 $1 29. dxe5 {Strongly threatening Ke1.} Kd7 {[%emt 0:00:30] Hoping for ...Kc6.} 30. Ke1 {aiming for Kd2.} Ke6 (30... Kc6 $1 $11 {keeps the balance.} 31. Kd2 Kc5) 31. Kd2 $16 Kxe5 {[%emt 0:00:30] [#]} 32. Kc3 {[%emt 0:00:30] Weighted Error Value: White=0.08 (flawless) /Black=0.12 (very precise)} (32. Ra1 $142 $1 b2 33. Rb1 (33. Rxa4 $2 {loses.} b1=Q $19)) 1/2-1/2

[Event "ITT 1st Parada Jamundi 2022"]
[Site "Jamundi Valle"]
[Date "2022.12.09"]
[Round "7.2"]
[White "Avila Pavas, Santiago"]
[Black "Delgado Ramirez, Neuris"]
[Result "1-0"]
[ECO "C45"]
[WhiteElo "2461"]
[BlackElo "2572"]
[Annotator "TA"]
[PlyCount "125"]
[EventDate "2022.12.05"]
[EventType "swiss"]
[EventCountry "COL"]
[SourceTitle "playchess.com"]
[Source "ChessBase"]
[SourceQuality "1"]
[TimeControl "5400+30"]

1. e4 e5 2. Nf3 Nc6 3. d4 exd4 4. Nxd4 Bb4+ 5. c3 Bc5 6. Be3 Bb6 7. Nf5 d5 {[%emt 0:01:00] C45: Scotch Game.} (7... g6 {simplifies} 8. Bxb6 axb6 9. Ne3 Nf6) 8. Nxg7+ Kf8 {[%emt 0:00:46] And now ...Bxe3 would win.} 9. Bxb6 (9. exd5 {simplifies} Kxg7 10. dxc6 Qxd1+ 11. Kxd1 bxc6 12. Bxb6 axb6 13. f3) 9... axb6 {[%emt 0:00:17] White is slightly better.} 10. Nh5 Qh4 {[%emt 0:02:05] [#]} 11. Be2 $146 (11. Qxd5 $2 {loses.} Ra5 12. Qd3 (12. Bb5 $2 Nge7 $19) 12... Qxh5 $19) ({Predecessor:} 11. Ng3 dxe4 12. Be2 Nf6 13. O-O Be6 14. Nd2 Qf4 15. Qc2 h5 16. Ndxe4 h4 17. Nxf6 Qxf6 {0-1 (67) Heredia Serrano,C (2121)-Berend,E (2329) Warsaw 2021}) 11... dxe4 12. O-O (12. g3 $5 Qe7 13. Qc1 $11) 12... Nf6 13. Nxf6 Qxf6 14. Nd2 Qf4 15. Nc4 (15. Qc2 {simplifies} f5 16. Nc4 Be6 17. Ne3) 15... Rg8 16. Qc1 (16. Kh1 {feels hotter.} Be6 17. Ne3 Qh6 18. Bc4) 16... Qxc1 17. Rfxc1 Be6 18. Re1 f5 19. Na3 Ne5 20. Nb5 Rg7 21. Nd4 {[%emt 0:00:54] Against f4} Bd7 {[%emt 0:01:39] Threatening ...c5.} 22. f4 $1 {[%emt 0:00:07] Against c5} exf3 23. Bxf3 Nxf3+ 24. Nxf3 Bc6 25. Kf2 Re7 26. a3 Bxf3 27. Kxf3 $14 {[%emt 0:00:08][%mdl 4096] Endgame KRR-KRR} Rd8 28. Rad1 {[%emt 0:00:52] Prevents Rd3+.} Rxd1 29. Rxd1 {[%emt 0:00:08] KR-KR} Kf7 30. Rd8 Kf6 31. Rb8 c6 32. a4 Rd7 33. Kf4 Ke6 34. Re8+ Kf7 35. Re5 (35. Rh8 $14 Kg6 36. Rb8) 35... Rd2 $11 36. Rxf5+ Kg6 (36... Ke6 $1 $11 {keeps the balance.} 37. Rh5 Rxg2) 37. Rg5+ $16 Kf6 38. Rf5+ ({Better is} 38. b4 $1 $16) 38... Kg6 $11 39. Rg5+ (39. Ke3 $11) 39... Kf6 $1 $14 ({Don't do} 39... Kh6 40. b4 $16) 40. b4 $1 Rf2+ 41. Ke3 Ra2 42. Rg8 {[%emt 0:00:13] Rb8 is the strong threat.} Rxa4 43. Rb8 Ra7 44. Kd4 h5 45. h4 (45. g3 $16) 45... b5 (45... Kf5 $1 $11) 46. Rg8 (46. g3 $16) 46... b6 (46... Ra1 $11) 47. Rb8 (47. Rh8 $16) 47... Rd7+ $11 48. Ke4 Rg7 ({Black should try} 48... Re7+ $1 $11 49. Kd3 Rd7+ 50. Kc2 Kf5) 49. Rxb6 $14 Rg4+ 50. Kd3 $1 Rc4 (50... Rg3+ $2 51. Kd4 $18) 51. g3 $1 Ke6 52. Kc2 Kf5 $2 (52... Kd6 $14) 53. Rb8 $18 {[%emt 0:00:04] Threatens to win with Rh8.} Rg4 $2 (53... Ke6 54. Rg8 c5) 54. Rh8 $1 Rxg3 55. Rxh5+ Ke4 {[%emt 0:00:29] [#]} 56. Rg5 $2 (56. Rc5 $1 $18 ) 56... Rh3 $14 57. h5 (57. Rc5 $14 Rxh4 58. Rxc6) 57... Rh2+ $11 58. Kb3 Kf4 59. Rc5 Ke4 $1 60. Ka3 Kd3 $2 (60... Rh3 $14) 61. Rxc6 $18 {[%emt 0:01:08] White is clearly winning.} Rxh5 {[%emt 0:00:28] [#]} 62. Rc5 $1 Rh1 63. Kb2 $1 {[%emt 0:01:26] Weighted Error Value: White=0.27 (precise) /Black=0.28 (precise)} ({Stronger than} 63. Rxb5 Kc2 64. Ka2 Kxc3 $11) 1-0

[Event "ITT 1st Parada Jamundi 2022"]
[Site "Jamundi Valle"]
[Date "2022.12.09"]
[Round "7.3"]
[White "Mirzoev, Azer"]
[Black "Cardoso Cardoso, Jose Gabriel"]
[Result "1/2-1/2"]
[ECO "D38"]
[WhiteElo "2462"]
[BlackElo "2483"]
[Annotator "TA"]
[PlyCount "46"]
[EventDate "2022.12.05"]
[EventType "swiss"]
[EventCountry "COL"]
[SourceTitle "playchess.com"]
[Source "ChessBase"]
[SourceQuality "1"]
[TimeControl "5400+30"]

1. d4 Nf6 2. Nf3 d5 3. c4 e6 4. Nc3 Bb4 5. cxd5 exd5 6. Qa4+ Nc6 7. Bg5 h6 8. Bxf6 Qxf6 9. e3 O-O 10. Be2 Be6 11. a3 {[%emt 0:00:27] D38: Queen's Gambit Declined: Ragozin Defence (4 Nf3 Bb4).} Bd6 {[%emt 0:10:46] 11...Bxc3+ is more fashionable.} (11... Bxc3+ {simplifies} 12. bxc3 Bd7 13. Qb3 Qf5) 12. Nb5 Bg4 13. O-O {[%emt 0:07:17] The position is equal.} a6 14. Nxd6 Qxd6 15. Rac1 {[%emt 0:03:48] [#]} (15. h3 $5 Bxf3 16. Bxf3 $11) 15... Nd8 $146 ({Predecessor:} 15... f5 16. Qb3 Rab8 17. Rc5 Ne7 18. g3 c6 19. Rc2 Bxf3 20. Bxf3 Kh7 21. Qd3 g5 22. b4 Kg7 23. Rb1 b5 24. Qc3 Rb6 {½-½ (24) Cyborowski,L (2479)-Cukrowski,F (2404) Sypniewo 2022}) 16. Qb3 Rb8 17. Qc2 Bxf3 18. Bxf3 c6 19. g3 Ne6 20. Bg2 g6 21. b4 h5 22. h4 Kg7 23. Rb1 Rh8 {[%emt 0:05:01] An even fight not without its subleties.   Weighted Error Value: White=0.06 (flawless) /Black=0.08 (flawless)} 1/2-1/2

[Event "ITT 1st Parada Jamundi 2022"]
[Site "Jamundi Valle"]
[Date "2022.12.09"]
[Round "7.4"]
[White "Aguero Jimenez, Luis Lazaro"]
[Black "Zuluaga Mancilla, Cesar"]
[Result "1-0"]
[ECO "D46"]
[WhiteElo "2465"]
[BlackElo "2230"]
[Annotator "TA"]
[PlyCount "100"]
[EventDate "2022.12.05"]
[EventType "swiss"]
[EventCountry "COL"]
[SourceTitle "playchess.com"]
[Source "ChessBase"]
[SourceQuality "1"]
[TimeControl "5400+30"]

1. Nf3 d5 2. c4 c6 3. d4 Nf6 4. Nc3 e6 5. e3 Nbd7 6. Bd3 Be7 7. O-O O-O 8. e4 dxe4 9. Nxe4 Nxe4 10. Bxe4 Nf6 11. Bc2 c5 12. Qd3 cxd4 {[%emt 0:09:10][%cal Ob7b5] D46: Semi-Slav: 5 e3 Nbd7 6 Bd3, Black avoids the Meran.} 13. Bg5 {[%emt 0:00:36][%cal Og5f6] Prevents b5. Bxf6! is the strong threat.} ({Don't play} 13. Qxd4 Qxd4 14. Nxd4 Rd8 $15) 13... g6 14. Rad1 Nh5 {[%emt 0:13:55] White is slightly better.} 15. Bh6 (15. Bxe7 {simplifies} Qxe7 16. Qxd4 f6 17. Qd6) 15... Ng7 {[%emt 0:07:14][%cal Oe6e5] [#]} 16. Nxd4 $146 ({Predecessor:} 16. Qxd4 Qxd4 17. Nxd4 e5 18. Nb5 Bg4 19. f3 Bc5+ 20. Kh1 Be6 21. b3 Rac8 22. Be4 {1-0 (38) Straub,N (2382)-Wang,Y (2378) Moscow 2001}) 16... e5 {[%emt 0:01:37] [#]} 17. Qc3 exd4 (17... Qb6 18. Nb5) 18. Rxd4 Bf6 19. Rxd8 {[%emt 0:00:03][%mdl 64] Pin. White is much more active. The black rooks are badly placed.} Bxc3 20. Rxf8+ Kxf8 21. bxc3 Be6 22. Rb1 b6 {[%emt 0:00:43] White now steadily converts the win.} ({Black should try} 22... Bxc4 $14 23. Rxb7 Bxa2) 23. c5 $16 bxc5 24. a4 Kg8 25. Bf4 Bc4 26. Bb8 {[%emt 0:02:38] Threatens to win with Be4.} Bd5 {[%emt 0:01:02] Prevents Be4.} 27. a5 a6 (27... Ne6 $16) 28. Rb6 c4 29. f3 Ne6 30. Bd6 {[%emt 0:01:09] Prevents Nc5.} h5 31. h4 Kg7 32. Kf2 Kg8 (32... f6 $142 33. Ke3 Re8) 33. Ke3 $18 f5 34. Ba4 Kf7 35. g3 Ra7 36. f4 Ra8 37. Bc6 Bxc6 38. Rxc6 {[%emt 0:00:03][%mdl 4096] Endgame KRB-KRN} Ra7 39. Rxc4 Ke8 40. Be5 Kd7 41. Rb4 {[%emt 0:00:28] Prevents Rb7.} Nd8 (41... Nc5 $142 42. Rb6 Ra8 43. Rxg6 Nb3 44. Rd6+ Ke7) 42. Rd4+ {[%emt 0:00:36] White is clearly winning.} Ke7 {[%emt 0:01:20] [#]} 43. Bf6+ $1 Kxf6 44. Rxd8 {[%emt 0:00:03] KR-KR} Ke7 45. Rb8 Rc7 46. Kd4 Rd7+ 47. Kc4 Rc7+ 48. Kb4 Kd6 49. c4 Rc6 50. Rb6 {[%emt 0:00:36] c5+ would kill now.} Kc7 {[%emt 0:01:00] Weighted Error Value: White=0.06 (flawless) /Black=0.32} 1-0

[Event "ITT 1st Parada Jamundi 2022"]
[Site "Jamundi Valle"]
[Date "2022.12.09"]
[Round "7.5"]
[White "Paredes Lagos, Anthony Javier"]
[Black "Rios, Cristhian Camilo"]
[Result "0-1"]
[ECO "B33"]
[WhiteElo "2230"]
[BlackElo "2456"]
[Annotator "TA"]
[PlyCount "80"]
[EventDate "2022.12.05"]
[EventType "swiss"]
[EventCountry "COL"]
[SourceTitle "playchess.com"]
[Source "ChessBase"]
[SourceQuality "1"]
[TimeControl "5400+30"]

1. e4 c5 2. Nf3 Nc6 3. d4 cxd4 4. Nxd4 Nf6 5. Nc3 e5 6. Ndb5 d6 7. Nd5 Nxd5 8. exd5 Nb8 9. c4 a6 10. Nc3 Be7 11. Bd3 O-O 12. O-O f5 13. f3 Nd7 {[%emt 0:00:06] 13...Bg5 is not played anymore.} 14. Kh1 {[%emt 0:00:05] B33: Sicilian: Pelikan and Sveshnikov Variations.} Bg5 15. b4 a5 16. a3 {[%emt 0:03:58] White is slightly better.} e4 17. Bxg5 Qxg5 18. fxe4 axb4 (18... Ne5 $5 19. Be2 Rf6 $16) 19. axb4 Rxa1 20. Qxa1 Qe3 $1 21. Rd1 Ne5 {[%emt 0:05:19][%mdl 64] Deflection} 22. Be2 fxe4 {[%emt 0:00:08] And now ...Nd3 would win.} 23. Qc1 Qb6 24. Nxe4 {[%emt 0:06:09] Strongly threatening Qc3.} Qxb4 {[%emt 0:00:51] [#]} (24... Bg4 $1 $11 25. Bxg4 Nxg4) 25. Rf1 $146 ({White should try} 25. Qa1 $1 $16 {Rb1 is the strong threat.} b5 26. Rb1) ({Predecessor:} 25. Qa1 Qb3 26. Nxd6 Bg4 27. Re1 Qb4 28. Bxg4 Nxg4 29. Re7 Qc3 30. Re1 Qb4 31. Ne8 Rf7 32. h3 Nf2+ 33. Kh2 Qxc4 34. Nxg7 Qc7+ 35. g3 {1-0 (35) Petrov,M (2430)-Markovic,Z (2370) Vrnjacka Banja 2006}) 25... Rxf1+ $11 26. Bxf1 ({Reject} 26. Qxf1 b5 27. Ng5 bxc4 $17) 26... Bf5 27. Qf4 {[%emt 0:22:29] [#] Loses the game.} (27. Ng5 $11) 27... Bxe4 $1 $19 28. Qxe4 {[%emt 0:00:11][%mdl 4096] Endgame [#] KQB-KQN} b5 $1 29. Qf5 bxc4 30. Bxc4 (30. Qc8+ {is a better chance.} Kf7 31. Qf5+ Ke8 32. Qe6+ Kd8 33. Qg8+ Kc7 34. Qxg7+ Kb6 35. Qf8) 30... Nxc4 31. Qc8+ Kf7 32. Qd7+ {[%emt 0:00:10] Black is clearly winning.} Kg6 33. Qg4+ Kf6 34. Qe6+ Kg5 35. Qe7+ Kf4 36. h3 Qb1+ 37. Kh2 Qe4 38. Qxg7 Ke3 39. Kg1 Kd3 {[%emt 0:00:00] ( -> ...Qe3+)} 40. Qa1 Qd4+ {[%emt 0:00:00] Weighted Error Value: White=0.67/Black=0.07 (flawless)} 0-1

[Event "ITT 1st Parada Jamundi 2022"]
[Site "Jamundi Valle"]
[Date "2022.12.09"]
[Round "7.6"]
[White "Campos Gomez, Manuel"]
[Black "Argote Heredia, Valentina"]
[Result "1-0"]
[ECO "A38"]
[WhiteElo "2322"]
[BlackElo "2140"]
[Annotator "TA"]
[PlyCount "137"]
[EventDate "2022.12.05"]
[EventType "swiss"]
[EventCountry "COL"]
[SourceTitle "playchess.com"]
[Source "ChessBase"]
[SourceQuality "1"]
[TimeControl "5400+30"]

1. Nf3 Nf6 2. g3 g6 3. Bg2 Bg7 4. O-O c5 5. c4 O-O 6. Nc3 Nc6 7. d3 d6 8. a3 Bd7 9. Rb1 Rb8 {[%emt 0:09:59] A38: Symmetrical English vs ...g6: 4 Bg2 Bg7 5 Nf3 Nf6.} 10. b4 Ng4 11. Bd2 b6 {[%emt 0:05:16] White is slightly better.} 12. h3 Nge5 {[%emt 0:02:29] [#]} 13. Ne1 $146 {[%emt 0:02:35] Hoping for f4.} (13. Nh4 $5 ) ({Predecessor:} 13. Nxe5 Bxe5 14. b5 Nd4 15. e3 Ne6 16. f4 Bg7 17. Kh2 Nc7 18. a4 e5 19. Nd5 Nxd5 20. Bxd5 Qc8 21. Bg2 {½-½ (21) Gallardo Banez,A (1915)-Ingelaere,F (1767) Maastricht 2011}) 13... f5 14. b5 Nd4 15. Nd5 (15. e3 $5 Ne6 $8 16. f4 $11) 15... Be8 16. a4 (16. Bg5 $5 Rf7 17. Bh4 $14) 16... Nd7 17. e3 Ne6 18. a5 {[%emt 0:04:16] White is more active.} Nc7 19. axb6 axb6 20. Nc3 e6 21. Nc2 (21. e4 $14) 21... Bf7 22. Qe2 d5 23. Rfd1 Qe7 24. Be1 g5 25. cxd5 exd5 26. d4 Nf6 ({Black should play} 26... Qd6 $11) 27. dxc5 $14 bxc5 28. b6 Na8 29. Nxd5 Nxd5 30. Bxd5 ({White should try} 30. Rxd5 $14 Nxb6 31. Rxf5) 30... Bxd5 $11 31. Rxd5 {[%emt 0:00:02] [#] Threatens to win with Qc4.} Nxb6 32. Rdd1 f4 33. g4 Nd7 (33... Qe4 $11) 34. Qc4+ $16 Kh8 35. Rxb8 Rxb8 36. exf4 gxf4 37. Qxf4 Rf8 (37... Ne5 $142) 38. Qd6 Qe4 {[%emt 0:00:16] Strongly threatening ...Ne5.} 39. Qxd7 Qxc2 40. Qd3 {[%emt 0:00:15] Inhibits Bd4.} Qb2 (40... Qxd3 $14 41. Rxd3 Rc8) 41. Rd2 Qa1 42. Re2 $36 {[%emt 0:00:25][%mdl 2048] White is on the roll.} Bd4 {[%emt 0:02:24][%cal Of8f2] ...Rxf2! is the strong threat.} 43. Kg2 Qa8+ 44. f3 Re8 45. Rxe8+ Qxe8 $18 {[%emt 0:00:03][%mdl 4096] Endgame KQB-KQB} 46. Bc3 Qe5 (46... Qd8 $16 47. f4 Kg7 48. Bxd4+ cxd4) 47. Bxd4 cxd4 {[%emt 0:00:04] KQ-KQ} 48. h4 Kg7 49. h5 {[%emt 0:01:06] aiming for Qe4.} Kf6 $2 {[%emt 0:01:36] [#]} (49... Qd6 50. Kf1 h6) 50. Kf1 $2 (50. Qxh7 Qe2+ 51. Kg1 (51. Kg3 Qe1+ 52. Kg2 Qe2+ 53. Kh3 Qf1+ 54. Kh4 Qf2+ 55. Kh3 Qf1+ 56. Kg3 Qe1+ 57. Kg2 Qe2+ $11) 51... Qe1+ 52. Kh2 (52. Kg2 Qe2+ 53. Kh3 Qf1+ 54. Kh4 Qe1+ 55. Kh3 Qf1+ 56. Kh4 Qe1+ 57. Kh3 Qf1+ $11) 52... Qe2+ 53. Kh3 (53. Kg3 Qe1+ 54. Kh3 Qf1+ 55. Kh4 Qe1+ 56. Kh3 Qf1+ 57. Kh4 Qe1+ 58. Kh3 $11) 53... Qf1+ 54. Kh4 (54. Kg3 Qe1+ 55. Kh3 Qf1+ 56. Kh4 Qe1+ 57. Kh3 Qf1+ $11) 54... Qe1+ 55. Kh3 Qf1+ 56. Kh4 (56. Kg3 Qe1+ 57. Kh3 Qf1+ $11) 56... Qe1+ 57. Kh3 Qf1+ $11) (50. Qe4 $1 {[%cal Re4e5] Threatening mate with Qxe5+.} Qb5 51. Qxd4+ (51. Qxh7 Qe2+ 52. Kg1 Qe1+ 53. Kh2 Qe2+ 54. Kh3 Qf1+ 55. Kh4 Qe1+ 56. Kh3 Qf1+ 57. Kh4 Qe1+ 58. Kh3 Qf1+ $11) 51... Ke6 52. Kf2) 50... Qc5 (50... Qf4) 51. Kg2 $2 (51. Qxh7 $18 {[%cal Oh7f5] White wants to mate with Qf5+!} Qc1+ 52. Kg2 Qd2+ 53. Kh3) 51... Kg7 $2 (51... Qe5 $1 $11) 52. Qe4 Qb4 53. Qe5+ Kf7 54. Qf5+ Kg8 55. Qe6+ Kf8 56. Qf6+ Kg8 57. h6 Qb2+ 58. Kg3 Qb8+ 59. f4 Qa7 60. Qd8+ Kf7 61. Qd5+ Kf8 62. g5 (62. Qf5+ $142 Kg8 63. Qe5 Qa3+ 64. Kh4 Kf7 65. Qg7+ Ke6 66. Qg8+ Kf6 67. Qh8+ Ke6 68. Qxh7) 62... Qa3+ 63. Kg4 Qd3 {[%emt 0:00:00] Prevents g6.} 64. Qf3 Qa6 65. Qe4 {[%emt 0:00:00] Intending Qf5+ and mate.} d3 66. Qf5+ ({And not} 66. Qxh7 Qe6+ 67. f5 (67. Qf5+ Qxf5+ 68. Kxf5 d2 69. Ke5 d1=Q 70. Ke4 Kf7 71. h7 Qc2+ 72. Kd5 Qxh7 73. Ke5 Qd3 74. f5 Qe3+ 75. Kd6 Qxg5 76. Kd5 Kf6 77. Kd4 Kxf5 78. Kd3 Kf4 79. Kc4 Ke3 80. Kb3 Kd3 81. Kb4 Qf5 82. Ka3 Kc3 83. Ka4 Qg5 84. Ka3 Qa5#) 67... Qe4+ 68. Kg3 Qe3+ 69. Kh4 Qd4+ 70. Kh3 (70. Kh5 d2 71. Qc7 d1=Q+ 72. Kg6 Qd6+ 73. Qxd6+ Qxd6+ 74. Kh5 Qe5 75. h7 Kg7 76. Kg4 Kxh7 77. f6 Qe4+ 78. Kh3 Qf3+ 79. Kh2 Kg6 80. f7 Kxg5 81. f8=Q Qxf8 82. Kg3 Qf7 83. Kh3 Qf4 84. Kg2 Kg4 85. Kg1 Kg3 86. Kh1 Qf1#) 70... Qe3+ 71. Kh4 Qe4+ 72. Kg3 Qe3+ 73. Kh4 $11) 66... Ke8 67. Qe5+ ({Weaker is} 67. Qxh7 d2 68. Qh8+ Ke7 69. Qh7+ Kd8 70. Qh8+ Ke7 71. Qh7+ Kd8 72. Qh8+ Ke7 $11) 67... Kd7 68. Qg7+ Kd6 69. Qf6+ {[%emt 0:00:00] Weighted Error Value: White=0.27 (precise) /Black=0.45} 1-0